 Dungeon Crawl Stone Soup version 0.31-a0-940-gdaa99269f9 (webtiles) character file.

Game seed: 10848266256860017391

95 Naiya55 the Chiller (level 4, -35/36 HPs)
             Began as a Naga Ice Elementalist on Oct 21, 2023.
             Killed by an exploding ice beast (52 damage)
             ... ignited by their inner flame
             ... on level 5 of the Dungeon.
             The game lasted 00:03:00 (2257 turns).

Naiya55 the Chiller (Naga Ice Elementalist)         Turns: 2257, Time: 00:03:00

Health: -35/36     AC:  3    Str: 10    XL:     4   Next: 66%
Magic:  4/7        EV: 10    Int: 17    God:
Gold:   131        SH:  0    Dex: 12    Spells: 3/7 levels left

rFire   x . .        c - +0 spear
rCold   + . .        (no shield)
rNeg    . . .        a - +0 robe
rPois   +            (no helmet)
rElec   .            h - +0 cloak
rCorr   .            (no gloves)
SInv    +            (no barding)
Will    .....        (no amulet)
Stlth   ++           m - ring of ice
HPRegen 0.26/turn    (no ring)
MPRegen 0.10/turn

%: no passive effects
@: freezing walls, very slow
A: AC +1, large, see invisible, deformed body, poison resistance, slowness 2,
spit poison 1, naga tail 1
a: Spit Poison


You were on level 5 of the Dungeon.
You visited 1 branch of the dungeon, and saw 4 of its levels.

You collected 131 gold pieces.

Inventory:

Hand Weapons
 c - a +0 spear (weapon)
Armour
 a - a +0 robe (worn)
 h - a +0 cloak (worn)
Jewellery
 m - a ring of ice (left hand)
 o - an amulet of guardian spirit
Scrolls
 d - a scroll of identify
Potions
 b - a potion of magic
 e - a potion of resistance
 f - a potion of attraction {unknown}
 g - a potion of enlightenment {unknown}
 i - 2 potions of lignification {unknown}
 k - a potion of degeneration {unknown}
 l - a potion of mutation {unknown}
 n - a potion of curing {unknown}


   Skills:
 - Level 1.5 Dodging
 - Level 3.0 Stealth
 - Level 2.0 Spellcasting
 + Level 5.9 Ice Magic


You had 3 spell levels left.
You knew the following spells:

 Your Spells              Type           Power      Damage    Failure   Level
a - Freeze                Ice            100%       1d10      1%          1
b - Frozen Ramparts       Ice            64%        1d10      4%          3

Your spell library contained the following spells:

 Spells                   Type           Power      Damage    Failure   Level
 Ozocubu's Armour         Ice            32%        N/A       4%          3
 Call Canine Familiar     Summ           1%         N/A       50%         3
 Sigil of Binding         Hex            1%         N/A       50%         3
 Summon Ice Beast         Ice/Summ       17%        N/A       50%         4
 Dimensional Bullseye     Hex/Tloc       0%         N/A       88%         4
 Leda's Liquefaction      Hex/Erth       0%         N/A       88%         4
 Alistair's Intoxication  Tmut/Pois      0%         N/A       99%         5
 Borgnjor's Vile Clutch   Necr/Erth      0%         N/A       99%         5
 Eringya's Noxious Bog    Tmut/Pois      0%         4d6       100%        6


Dungeon Overview and Level Annotations

Branches:
Dungeon (3/15)

Altars:


Innate Abilities, Weirdness & Mutations

Your serpentine skin is tough. (AC +1)
You have supernaturally acute eyesight. (SInv)
Armour fits poorly on your strangely shaped body.
Your system is resistant to poisons. (rPois)
You cover ground very slowly.
You can spit poison.
You have a snake-like lower body.


Message History

You feel a surge of power!
The walls around you are covered in ice.
The wall freezes the ice beast but does no damage.
Aiming: Spit Poison (1% risk of failure)
Press: ? - help, Shift-Dir - straight line, f - ice beast
Aim: an ice beast (59% to hit)
The splash of poison hits the ice beast.
The ice beast completely resists.
The orc resists.
The wall freezes the orc.
The wall freezes the ice beast but does no damage.
The ice beast hits you. The ice beast freezes you. You resist.
You hit the ice beast.
The ice beast is lightly wounded.
The orc completely resists.
The wall freezes the orc but does no damage.
The ice beast completely resists.
The wall freezes the ice beast but does no damage.
The ice beast hits you but does no damage.
You closely miss the ice beast.
The ice beast is lightly wounded.
You have got your breath back.
The orc resists.
The wall freezes the orc.
The ice beast completely resists.
The wall freezes the ice beast but does no damage.
The ice beast hits you. The ice beast freezes you. You resist.
As you read the scroll labelled TYTUAT TAERGHI, it crumbles to dust.
It is a scroll of identify.
e - a potion of resistance The wall freezes the orc but does no damage.
The ice beast completely resists.
The wall freezes the ice beast but does no damage.
The ice beast hits you. The ice beast freezes you. You resist.
As you read the scroll labelled COCEIHUYPLE, it crumbles to dust.
The creatures around you are filled with an inner flame!
It was a scroll of immolation.
The orc resists.
The wall freezes the orc.
The orc explodes!
The fiery explosion engulfs the ice beast!!!
The ice beast melts!
The ice beast explodes!
The fiery explosion engulfs you!!! The fire burns you terribly!
Ouch! That really hurt!
You die...

### #.. !. .. #.# ########## #
#.##.##.. #.........
#.#........ #.####...#
.#.......#.#####.#......#
........#.........##...#
#.......#######.####...#
######!#####@#######......###
..........ยงยงยง...............
.......#.###################
.......#.# ....o..Y.#
......##.. ..<..Y #.. ......
#... ...... #...


There were no monsters in sight!

Vanquished Creatures
  An ice beast (D:5)
  3 adders
  A worm (D:2)
  2 dart slugs
  2 orcs
  7 ball pythons
  3 endoplasms (D:1)
  7 giant cockroaches
  6 goblins
  3 hobgoblins
  8 jackals
  2 quokkas
  4 bats
  2 frilled lizards
  3 kobolds
  4 rats
58 creatures vanquished.

Notes
Turn   | Place    | Note
-------+----------+-------------------------------------------
     0 | D:1      | Naiya55 the Naga Ice Elementalist began the quest for the
                  | Orb.
     0 | D:1      | Reached XP level 1. HP: 15/15 MP: 3/3
   141 | D:1      | Reached XP level 2. HP: 17/22 MP: 1/5
   667 | D:1      | Reached XP level 3. HP: 25/28 MP: 2/6
   671 | D:1      | Learned a level 3 spell: Frozen Ramparts
   724 | D:1      | Reached skill level 5 in Ice Magic
  1745 | D:2      | Reached XP level 4. HP: 34/36 MP: 4/7
  2086 | D:3      | Noticed a floating eye
  2120 | D:3      | Found a faded altar of an unknown god.
  2122 | D:3      | Noticed a great orb of eyes
  2190 | D:3      | You fall into a shaft and drop 2 floors!
  2190 | D:5      | Entered Level 5 of the Dungeon
  2246 | D:5      | Noticed an ice beast
  2257 | D:5      | Killed an ice beast
  2257 | D:5      | Killed by an exploding ice beast... ignited by their inner
                  | flame

Illustrated notes

Levels and vault maps discovered:
D:1:      giann_bridges, layout_loops_corners
D:2:      layout_loops_ring, kennysheep_generic_room_2
D:3:      layout_loops_cross, hellmonk_ecumenical_altar_watching_god,
          uniq_crazy_yiuf_cottage, uniq_sigmund
D:5:      layout_basic, grunt_temple_overflow_lords_of_destruction

Skill      XL: |  1  2  3 |
---------------+----------+-----
Ice Magic      | 5 |  5.9
Dodging        | |  1.5
Stealth        | |  3.0
Spellcasting   | |  2.0

Action                     |  1- 3 |  4- 6 || total
---------------------------+-------+-------++-------
  Melee: Spear             |    32 |    12 ||    44
   Cast: Freeze            |    46 |     6 ||    52
         Frozen Ramparts   |       |     4 ||     4
Ability: Spit Poison       |     3 |     3 ||     6
    Use: Scroll            |       |     2 ||     2
   Stab: Sleeping          |     3 |       ||     3
 Armour: Robe              |    39 |    16 ||    55
  Dodge: Dodged            |    24 |    16 ||    40

Table legend: (Time is in decaauts)
 A = Elapsed time spent in this place.
 B = Non-inter-level travel time spent in this place.
 C = Inter-level travel time spent in this place.
 D = Time resting spent in this place.
 E = Time spent auto-exploring this place.
 F = Levels seen in this place.
 G = Mean time per level.
                   A        B        C        D        E       F      G
               +--------+--------+--------+--------+--------+-----+--------+
         Total |   2815 |   2782 |     33 |      0 |   2301 |   4 |  703.8 |
       Dungeon |   2815 |   2782 |     33 |      0 |   2301 |   4 |  703.8 |
               +--------+--------+--------+--------+--------+-----+--------+

Top non-repeatable levels by time:
     D:1: 1442 daAuts
     D:2: 1164 daAuts
     D:3: 118 daAuts
     D:5: 90 daAuts
